 Dungeon Crawl Stone Soup version 0.25-a0-785-gb22c70e859 (webtiles) character file.

Game seed: 8417004502731688147, levelgen mode: deterministic

30 DildoBatman the Magician (level 3, -1/24 HPs)
             Began as a Formicid Wizard on Apr 17, 2020.
             Slain by an orc
             ... wielding a +3 hand axe
              (7 damage)
             ... on level 1 of the Dungeon.
             The game lasted 00:05:23 (1663 turns).

DildoBatman the Magician (Formicid Wizard)          Turns: 1663, Time: 00:05:24

Health: -1/24      AC:  3    Str: 11    XL:     3   Next: 35%
Magic:  7/7        EV: 12    Int: 18    God:
Gold:   72         SH:  0    Dex:  9    Spells: 7/8 levels left

rFire    . . .     SeeInvis +   b - +0 club
rCold    . . .     Gourm    .   (no shield)
rNeg     . . .     Faith    +   a - +0 robe
rPois    .         Spirit   .   (helmet unavailable)
rElec    .         Reflect  .   g - +0 cloak (curse)
rCorr    .         Harm     .   (no gloves)
MR       .....                  (no boots)
Stlth    ++........             d - amulet of faith
HPRegen  0.08/turn              (no ring)
MPRegen  0.10/turn              (no ring)

@: no status effects
A: permanent stasis, dig shafts and tunnels, four strong arms, antennae 3
a: Dig, Shaft Self


You were on level 1 of the Dungeon.
You were hungry.

You visited 1 branch of the dungeon, and saw 2 of its levels.

You collected 72 gold pieces.

Inventory:

Hand Weapons
 b - a +0 club (weapon)
Missiles
 c - 35 stones (quivered)
 f - 23 sling bullets
 j - 11 bolts
Armour
 a - a +0 robe (worn)
 g - a cursed +0 cloak (worn)
Jewellery
 d - an amulet of faith (around neck)
Potions
 e - 2 potions of curing {unknown}
 h - a potion of stabbing {unknown}
 i - a potion of lignification {unknown}
 k - a potion of flight {unknown}
Comestibles
 v - 3 rations


   Skills:
 - Level 1.7 Dodging
 - Level 2.4 Stealth
 - Level 3.2 Spellcasting
 * Level 2.7 Conjurations
   Level 1.0 Summonings
   Level 0.8 Translocations


You had 7 spell levels left.
You knew the following spells:

 Your Spells              Type           Power        Failure   Level  Hunger
c - Magic Dart            Conj           ##..         4%          1    None

Your spell library contained the following spells:

 Spells                   Type           Power        Failure   Level  Hunger
 Call Imp                 Summ           #.......     16%         2    ##.....
 Slow                     Hex            #.......     24%         2    ##.....
 Conjure Flame            Conj/Fire      #.......     26%         3    ###....
 Mephitic Cloud           Conj/Pois/Air  #.......     32%         3    ###....
 Blink                    Tloc           Unusable     N/A         2    N/A

Dungeon Overview and Level Annotations

Branches:
Dungeon (2/15)

Altars:

Annotations:
D:1 exclusion: crimson imp
D:2 1 exclusion


Innate Abilities, Weirdness & Mutations

You cannot be hasted, slowed, berserked, paralysed or teleported.
You can dig through walls and to a lower floor.
Your four strong arms can wield two-handed weapons with a shield.
You have a pair of large antennae on your head. (SInv)


Message History

Press: ? - help, Shift-Dir - straight line, f/p - orc
Aim: an orc, wielding a +3 hand axe and wearing a +0 ring mail (heavily wounded)
The magic dart hits the orc but does no damage.
The orc is heavily wounded.
Casting: Magic Dart (safe; 4% risk of failure)
Confirm with . or Enter, or press ? or * to list all spells.
Aiming: Magic Dart (safe; 4% risk of failure)
Press: ? - help, Shift-Dir - straight line, f/p - orc
Aim: an orc, wielding a +3 hand axe and wearing a +0 ring mail (heavily wounded)
The magic dart hits the orc but does no damage.
The orc is heavily wounded.
The orc hits you with a +3 hand axe. The orc misses you.
The crimson imp shouts!
The crimson imp hits you.
The crimson imp blinks!
There is a stone staircase leading down here.
There is a staircase leading out of the dungeon here.
The orc hits you with a +3 hand axe!
You die...

#.# ##........#######
#.# ####.###.# #####.#
### #.....#
......######8###########
.#######.........### [#
##.............## .#
##....####.......## .#
#...### ###......#
.###..## ##@....##
.##..## ##o....# .....#
#.....# .##.## ##....#
.##.# #....## .##.#
#...<8# .##.## ##....##
.##..# #.....# .....##
##.....#


You could see an orc.

Vanquished Creatures
  2 orcs (D:2)
  2 giant cockroaches (D:2)
  3 goblins (D:1)
  3 hobgoblins
  3 jackals (D:1)
  4 bats
  3 frilled lizards
  6 kobolds
  A rat (D:1)
27 creatures vanquished.

Notes
Turn   | Place    | Note
-------+----------+-------------------------------------------
     0 | D:1      | DildoBatman the Formicid Wizard began the quest for the
                  | Orb.
     0 | D:1      | Reached XP level 1. HP: 13/13 MP: 4/4
    37 | D:1      | Reached skill level 1 in Conjurations
   250 | D:1      | Reached XP level 2. HP: 19/19 MP: 4/6
   911 | D:2      | Reached XP level 3. HP: 24/24 MP: 1/7
  1255 | D:2      | Noticed a centaur
  1663 | D:1      | Slain by an orc

Levels and vault maps discovered:
D:1:      heliophobic_arrival_dark_side_of_the_moon, layout_basic,
          minmay_pentomino_u2
D:2:      layout_basic, okawaru_trees_1

Skill      XL: |  1  2 |
---------------+-------+-----
Conjurations   | 1 2 |  2.7
Dodging        | |  1.7
Stealth        | |  2.4
Spellcasting   | |  3.2
Summonings     | |  1.0
Translocations | |  0.8

Action                   || total
-------------------------++-------
Melee: Club              ||    23
Throw: Stone             ||     5
 Cast: Magic Dart        ||    83
 Abil: Dig               ||     5
  Eat: Chunk             ||     2
Armor: Robe              ||    18
Dodge: Dodged            ||    51

Table legend:
 A = Non-vault XP
 B = Vault XP
 C = Vault XP percentage of total XP
 D = Non-vault monster count
 E = Vault monster count
 F = Vault count percentage of total count
                 A         B        C        D         E       F
            +---------+---------+-------+---------+---------+-------
      Total |      41 |       2 |   4.7 |      25 |       2 |   7.4
            +---------+---------+-------+---------+---------+-------
        D:1 |      22 |       2 |   8.3 |      15 |       2 |  11.8
        D:2 |      19 |       0 |   0.0 |      10 |       0 |   0.0
            +---------+---------+-------+---------+---------+-------
